| TOP OF THE 1ST |
|
Hagerstown Suns batting - Pitching for Augusta GreenJackets : RHP Bill Tindall
|
|
Pitching: RHP Bill Tindall
|
|
|
Batting: RHB Aaron Bateman
|
0-0: Ball 1-0: SINGLE (Line Drive, 89S, EV 99.4 MPH)
|
|
Batting: RHB Ruben Luis
|
0-0: Called Strike 0-1: Called Strike 0-2: Strikes out swinging
|
|
Batting: RHB Pat Scaturro
|
0-0: Ball 1-0: Called Strike Aaron Bateman is caught stealing 2nd base 2-4 1-1: Swinging Strike 1-2: Ball 2-2: Strikes out looking
|
| Top of the 1st over - 0 runs, 1 hit, 0 errors, 0 left on base; Hagerstown 0 - Augusta 0 |
| BOTTOM OF THE 1ST |
|
Augusta GreenJackets batting - Pitching for Hagerstown Suns : RHP Chris Mosley
|
|
Pitching: RHP Chris Mosley
|
|
|
Batting: LHB Bruce Arvizu
|
0-0: Called Strike 0-1: Swinging Strike 0-2: Ball 1-2: Ground out 4-3 (Groundball, 4, EV 91.2 MPH)
|
|
Batting: RHB Armando Ramirez
|
0-0: Ball 1-0: Swinging Strike 1-1: Ball 2-1: Swinging Strike 2-2: Ball 3-2: Strikes out looking
|
|
Batting: LHB Sam Ogg
|
0-0: Ball 1-0: Reached on error, E6 (Groundball, 6, EV 107.5 MPH)
|
|
Batting: SHB Ben Myers
|
0-0: Ball 1-0: Called Strike 1-1: Ball 2-1: Foul Ball, location: 2F 2-2: Strikes out swinging
|
| Bottom of the 1st over - 0 runs, 0 hits, 1 error, 1 left on base; Hagerstown 0 - Augusta 0 |
| TOP OF THE 2ND |
|
Hagerstown Suns batting - Pitching for Augusta GreenJackets : RHP Bill Tindall
|
|
Batting: LHB Diego Gutierres
|
0-0: Ball 1-0: Ball 2-0: Ball 3-0: Called Strike 3-1: Ground out 1-3 (Groundball, P, EV 64.4 MPH)
|
|
Batting: RHB Vasag Semerjian
|
0-0: Called Strike 0-1: Ball 1-1: Ball 2-1: Foul Ball, location: 2F 2-2: Ball 3-2: Base on Balls
|
|
Batting: RHB Luis Vargas
|
0-0: Foul Ball, location: 2F 0-1: SINGLE (Line Drive, 8LS, EV 105.0 MPH) Vasag Semerjian to second
|
|
Batting: RHB Chad Madsen
|
0-0: SINGLE (Groundball, 6MD, EV 101.9 MPH) Vasag Semerjian to third Luis Vargas to second Runner from 3rd tries for Home, throw by CF and OUT! 8-2
|
|
Batting: RHB Joe Simmelink
|
0-0: Swinging Strike 0-1: Ball 1-1: Ball 2-1: Foul Ball, location: 2F 2-2: Strikes out swinging
|
| Top of the 2nd over - 0 runs, 2 hits, 0 errors, 2 left on base; Hagerstown 0 - Augusta 0 |
| BOTTOM OF THE 2ND |
|
Augusta GreenJackets batting - Pitching for Hagerstown Suns : RHP Chris Mosley
|
|
Batting: RHB Frank Pena
|
0-0: Foul Ball, location: 2F 0-1: Called Strike 0-2: Strikes out swinging
|
|
Batting: LHB Oscar Tamayo
|
0-0: Called Strike 0-1: Foul Ball, location: 2F 0-2: Ball 1-2: Ball 2-2: Foul Ball, location: 2F 2-2: Ball 3-2: Foul Ball, location: 2F 3-2: Base on Balls
|
|
Batting: RHB Justin Baldwin
|
0-0: Ball 1-0: Ball 2-0: Called Strike 2-1: SINGLE (Groundball, 6MD, EV 108.1 MPH) Oscar Tamayo to second
|
|
Batting: LHB Gil Caraveo
|
0-0: Called Strike 0-1: Ball 1-1: Foul Ball, location: 2F 1-2: SINGLE (Groundball, 56D, EV 104.4 MPH) Oscar Tamayo to third Justin Baldwin to second
|
|
Batting: RHB Gary Sampson
|
0-0: Ball 1-0: Foul Ball, location: 2F 1-1: Foul Ball, location: 2F 1-2: Ball 2-2: Ball 3-2: Fly out, F8 (Flyball, 8RD, EV 105.0 MPH) Runner from 3rd tags up, OUT at HOME! 8-2
|
| Bottom of the 2nd over - 0 runs, 2 hits, 0 errors, 2 left on base; Hagerstown 0 - Augusta 0 |
| TOP OF THE 3RD |
|
Hagerstown Suns batting - Pitching for Augusta GreenJackets : RHP Bill Tindall
|
|
Batting: RHB Jason Ewert
|
0-0: Called Strike 0-1: Ball 1-1: Ground out 5-3 (Groundball, 56, EV 103.8 MPH)
|
|
Batting: RHB Aaron Bateman
|
0-0: Called Strike 0-1: Ball 1-1: Ground out 5-3 (Groundball, 56S, EV 67.5 MPH)
|
|
Batting: RHB Ruben Luis
|
0-0: Foul Ball, location: 2F 0-1: Ground out 6-3 (Groundball, 6, EV 83.1 MPH)
|
| Top of the 3rd over - 0 runs, 0 hits, 0 errors, 0 left on base; Hagerstown 0 - Augusta 0 |
| BOTTOM OF THE 3RD |
|
Augusta GreenJackets batting - Pitching for Hagerstown Suns : RHP Chris Mosley
|
|
Batting: LHB Bruce Arvizu
|
0-0: Ball 1-0: Ground out 4-3 (Groundball, 4, EV 80.6 MPH)
|
|
Batting: RHB Armando Ramirez
|
0-0: Called Strike 0-1: Swinging Strike 0-2: Ball 1-2: Strikes out swinging
|
|
Batting: LHB Sam Ogg
|
0-0: Ball 1-0: Ball 2-0: Foul Ball, location: 2F 2-1: Foul Ball, location: 2F 2-2: Foul Ball, location: 2F 2-2: Ball 3-2: DOUBLE (Groundball, 3L, EV 102.5 MPH)
|
|
Batting: SHB Ben Myers
|
0-0: Ball 1-0: Ball 2-0: Ball 3-0: Foul Ball, location: 2F 3-1: Base on Balls
|
|
Batting: RHB Frank Pena
|
0-0: Ball 1-0: Called Strike 1-1: SINGLE (Line Drive, 78M, EV 109.4 MPH) Sam Ogg to third Ben Myers to second
|
|
Batting: LHB Oscar Tamayo
|
0-0: Ball 1-0: Ball 2-0: Foul Ball, location: 2F 2-1: GRAND SLAM HOME RUN (Flyball, 9D, EV 97.5 MPH), Distance : 389 ft
|
|
Batting: RHB Justin Baldwin
|
0-0: Ball 1-0: Ball 2-0: Called Strike 2-1: Ball 3-1: Called Strike 3-2: Foul Ball, location: 2F 3-2: Fly out, F8 (Flyball, 8RD, EV 101.2 MPH)
|
| Bottom of the 3rd over - 4 runs, 3 hits, 0 errors, 0 left on base; Hagerstown 0 - Augusta 4 |
| TOP OF THE 4TH |
|
Hagerstown Suns batting - Pitching for Augusta GreenJackets : RHP Bill Tindall
|
|
Batting: RHB Pat Scaturro
|
0-0: Ball 1-0: Foul Ball, location: 2F 1-1: Called Strike 1-2: Ball 2-2: SINGLE (Line Drive, 8LS, EV 89.4 MPH)
|
|
Batting: LHB Diego Gutierres
|
0-0: Foul Ball, location: 2F 0-1: Foul Ball, location: 2F 0-2: Ball 1-2: Fielders Choice at 2nd, 1-4 (Groundball, 25, EV 66.2 MPH)
|
|
Batting: RHB Vasag Semerjian
|
0-0: Ball 1-0: Ball 2-0: Ball 3-0: Called Strike 3-1: Foul Ball, location: 2F 3-2: Foul Ball, location: 2F 3-2: Strikes out looking
|
|
Batting: RHB Luis Vargas
|
0-0: Called Strike 0-1: Ball 1-1: Foul Ball, location: 2F 1-2: Fly out, F7 (Flyball, 7, EV 79.4 MPH)
|
| Top of the 4th over - 0 runs, 1 hit, 0 errors, 1 left on base; Hagerstown 0 - Augusta 4 |
| BOTTOM OF THE 4TH |
|
Augusta GreenJackets batting - Pitching for Hagerstown Suns : RHP Chris Mosley
|
|
Batting: LHB Gil Caraveo
|
0-0: Called Strike 0-1: Ground out 3-1 (Groundball, 34, EV 85.6 MPH)
|
|
Batting: RHB Gary Sampson
|
0-0: Called Strike 0-1: Ball 1-1: Swinging Strike 1-2: Ball 2-2: Ball 3-2: Foul Ball, location: 2F 3-2: Base on Balls
|
|
Batting: LHB Bruce Arvizu
|
0-0: Called Strike 0-1: Ball 1-1: Foul Ball, location: 2F 1-2: Ball 2-2: Ball 3-2: Base on Balls Gary Sampson to second
|
|
Batting: RHB Armando Ramirez
|
0-0: Called Strike 0-1: Swinging Strike 0-2: Ball 1-2: Strikes out swinging
|
|
Pitching: RHP Greg Hall
|
|
|
Batting: LHB Sam Ogg
|
0-0: Ball 1-0: Fielders Choice at 2nd, 6-4 (Groundball, 6, EV 106.9 MPH)
|
| Bottom of the 4th over - 0 runs, 0 hits, 0 errors, 2 left on base; Hagerstown 0 - Augusta 4 |
| TOP OF THE 5TH |
|
Hagerstown Suns batting - Pitching for Augusta GreenJackets : RHP Bill Tindall
|
|
Batting: RHB Chad Madsen
|
0-0: Called Strike 0-1: Fly out, F9 (Flyball, 9D, EV 97.5 MPH)
|
|
Batting: RHB Joe Simmelink
|
0-0: Ball 1-0: Foul Ball, location: 2F 1-1: Swinging Strike 1-2: Strikes out swinging
|
|
Batting: RHB Jason Ewert
|
0-0: Ball 1-0: Ball 2-0: Ball 3-0: Called Strike 3-1: Foul Ball, location: 2F 3-2: Strikes out looking
|
| Top of the 5th over - 0 runs, 0 hits, 0 errors, 0 left on base; Hagerstown 0 - Augusta 4 |
| BOTTOM OF THE 5TH |
|
Augusta GreenJackets batting - Pitching for Hagerstown Suns : RHP Greg Hall
|
|
Batting: SHB Ben Myers
|
0-0: Ball 1-0: SINGLE (Line Drive, 8LS, EV 100.0 MPH)
|
|
Batting: RHB Frank Pena
|
0-0: Swinging Strike 0-1: Foul Ball, location: 2F 0-2: Strikes out swinging
|
|
Batting: LHB Oscar Tamayo
|
0-0: Called Strike 0-1: Ball 1-1: Ball 2-1: Foul Ball, location: 2F 2-2: Ball 3-2: Strikes out swinging
|
|
Batting: RHB Justin Baldwin
|
0-0: Ball 1-0: Foul Ball, location: 2F 1-1: Foul Ball, location: 2F 1-2: Fielders Choice at 2nd, 6-4 (Groundball, 6, EV 83.1 MPH)
|
| Bottom of the 5th over - 0 runs, 1 hit, 0 errors, 1 left on base; Hagerstown 0 - Augusta 4 |
| TOP OF THE 6TH |
|
Hagerstown Suns batting - Pitching for Augusta GreenJackets : RHP Bill Tindall
|
|
Batting: RHB Aaron Bateman
|
0-0: Ball 1-0: Fly out, F8 (Flyball, 89D, EV 96.9 MPH)
|
|
Batting: RHB Ruben Luis
|
0-0: Called Strike 0-1: Ground out 4-3 (Groundball, 4, EV 78.8 MPH)
|
|
Batting: RHB Pat Scaturro
|
0-0: Ball 1-0: Swinging Strike 1-1: Swinging Strike 1-2: Ball 2-2: Foul Ball, location: 2F 2-2: Strikes out swinging
|
| Top of the 6th over - 0 runs, 0 hits, 0 errors, 0 left on base; Hagerstown 0 - Augusta 4 |
| BOTTOM OF THE 6TH |
|
Augusta GreenJackets batting - Pitching for Hagerstown Suns : RHP Greg Hall
|
|
Batting: LHB Gil Caraveo
|
0-0: Ball 1-0: Ground out U3 (Groundball, 3L, EV 103.1 MPH)
|
|
Batting: RHB Gary Sampson
|
0-0: Ball 1-0: Ground out 1-3 (Groundball, 34S, EV 68.8 MPH)
|
|
Batting: LHB Bruce Arvizu
|
0-0: Ball 1-0: Foul Ball, location: 2F 1-1: Ball 2-1: Foul Ball, location: 2F 2-2: Strikes out swinging
|
| Bottom of the 6th over - 0 runs, 0 hits, 0 errors, 0 left on base; Hagerstown 0 - Augusta 4 |
| TOP OF THE 7TH |
|
Hagerstown Suns batting - Pitching for Augusta GreenJackets : RHP Bill Tindall
|
|
Batting: LHB Diego Gutierres
|
0-0: Called Strike 0-1: Ball 1-1: Ball 2-1: Foul Ball, location: 2F 2-2: Strikes out swinging
|
|
Batting: RHB Vasag Semerjian
|
0-0: Swinging Strike 0-1: Ball 1-1: Ground out 6-3 (Groundball, 56, EV 110.6 MPH)
|
|
Batting: RHB Luis Vargas
|
0-0: Called Strike 0-1: Called Strike 0-2: Strikes out swinging
|
| Top of the 7th over - 0 runs, 0 hits, 0 errors, 0 left on base; Hagerstown 0 - Augusta 4 |
| BOTTOM OF THE 7TH |
|
Augusta GreenJackets batting - Pitching for Hagerstown Suns : RHP Greg Hall
|
|
Batting: RHB Armando Ramirez
|
0-0: Called Strike 0-1: Swinging Strike 0-2: Ground out 4-3 (Groundball, 4, EV 101.9 MPH)
|
|
Batting: LHB Sam Ogg
|
0-0: Ball 1-0: Foul Ball, location: 2F 1-1: Foul Ball, location: 2F 1-2: Ball 2-2: Reached on error, E5 (Groundball, 56S, EV 85.6 MPH)
|
|
Batting: SHB Ben Myers
|
0-0: SINGLE (Groundball, 3D, EV 105.0 MPH) Sam Ogg to second
|
|
Batting: RHB Frank Pena
|
0-0: Ball 1-0: Ball 2-0: Called Strike 2-1: Fielders Choice at 2nd, 6-4 (Groundball, 6, EV 85.6 MPH) Sam Ogg to third
|
|
Batting: LHB Oscar Tamayo
|
0-0: Ball Pickoff Throw by Catcher to First - Out!
|
| Bottom of the 7th over - 0 runs, 1 hit, 1 error, 1 left on base; Hagerstown 0 - Augusta 4 |
| TOP OF THE 8TH |
|
Hagerstown Suns batting - Pitching for Augusta GreenJackets : RHP Bill Tindall
|
|
Batting: RHB Chad Madsen
|
0-0: Ball 1-0: Foul Ball, location: 2F 1-1: Ground out 5-3 (Groundball, 56, EV 86.9 MPH)
|
|
Pinch Hitting: SHB Fernando Fundora
|
0-0: Called Strike 0-1: Ground out 4-3 (Groundball, 34, EV 99.4 MPH)
|
|
Batting: RHB Jason Ewert
|
0-0: Ball 1-0: Swinging Strike 1-1: Foul Ball, location: 2F 1-2: Strikes out looking
|
| Top of the 8th over - 0 runs, 0 hits, 0 errors, 0 left on base; Hagerstown 0 - Augusta 4 |
| BOTTOM OF THE 8TH |
|
Augusta GreenJackets batting - Pitching for Hagerstown Suns : RHP Greg Hall
|
|
Pitching: RHP Steve Schneider
|
|
|
Now in CF: Taffounnout Kame
|
|
|
Batting: LHB Oscar Tamayo
|
0-0: Ball 1-0: Fly out, F9 (Flyball, 89D, EV 96.9 MPH)
|
|
Batting: RHB Justin Baldwin
|
0-0: Ball 1-0: Fly out, F6 (Popup, P, EV 76.9 MPH)
|
|
Batting: LHB Gil Caraveo
|
0-0: Called Strike 0-1: Fly out, F5 (Popup, 56S, EV 76.2 MPH)
|
| Bottom of the 8th over - 0 runs, 0 hits, 0 errors, 0 left on base; Hagerstown 0 - Augusta 4 |
| TOP OF THE 9TH |
|
Hagerstown Suns batting - Pitching for Augusta GreenJackets : RHP Bill Tindall
|
|
Pitching: RHP Ricky Fo
|
|
|
Batting: RHB Aaron Bateman
|
0-0: Called Strike 0-1: Ball 1-1: Ball 2-1: Foul Ball, location: 2F 2-2: Strikes out swinging
|
|
Batting: RHB Ruben Luis
|
0-0: Ball 1-0: Ball 2-0: Called Strike 2-1: Ball 3-1: SINGLE (Groundball, 6MS, EV 71.2 MPH) (infield hit)
|
|
Pinch Runner at 1st Xavier Reeves:
|
|
|
Batting: RHB Pat Scaturro
|
0-0: Foul Ball, location: 2F 0-1: SINGLE (Groundball, 34, EV 80.0 MPH) (infield hit) Xavier Reeves to second
|
|
Batting: LHB Diego Gutierres
|
0-0: Ball 1-0: Called Strike 1-1: Ball 2-1: Called Strike 2-2: Foul Ball, location: 2F 2-2: Fly out, F9 (Flyball, 9, EV 77.5 MPH)
|
|
Batting: RHB Vasag Semerjian
|
0-0: Swinging Strike 0-1: Fielders Choice at 2nd, 6-4 (Groundball, 56, EV 87.5 MPH)
|
| Top of the 9th over - 0 runs, 2 hits, 0 errors, 2 left on base; Hagerstown 0 - Augusta 4 |
|